 Dungeon Crawl Stone Soup version 0.23-a0-756-g517b432 (webtiles) character file.

49 Inarius the Ducker (level 3, -3/17 HPs)
             Began as a Felid Berserker on Jan 18, 2019.
             Was a Believer of Trog.
             Slain by a gnoll
             ... wielding a +0 club
              (8 damage)
             ... on level 2 of the Dungeon.
             The game lasted 00:02:21 (1669 turns).

Inarius the Ducker (Felid Berserker)                Turns: 1669, Time: 00:02:22

Health: -3/17      AC:  1    Str: 14    XL:     3   Next: 51%
Magic:  4/4        EV: 10    Int:  8    God:    Trog [**....]
Gold:   79         SH:  0    Dex: 15    Spells: 2/2 levels left
                                        Lives:  0   Deaths: 0

rFire    . . .     SeeInvis +     - Unarmed
rCold    . . .     Gourm    .   (shield unavailable)
rNeg     + . .     Faith    .   (armour unavailable)
rPois    .         Spirit   .   (helmet unavailable)
rElec    .         Reflect  .   (cloak unavailable)
rCorr    .         Harm     .   (gloves unavailable)
MR       .....                  (boots unavailable)
Stlth    ++........             (no amulet)
HPRegen  0.05/turn              e - ring of positive energy
MPRegen  0.09/turn              (no ring)

@: held, quick
A: very small, no armour, no weapons or thrown items, stealth, claws 1, fangs 3,
see invisible, carnivore, speed 1, shaggy fur 1, slow metabolism 1, sharp paws
a: Berserk, Trog's Hand, Renounce Religion


You were on level 2 of the Dungeon.
You worshipped Trog.
Trog was pleased with you.
You were completely stuffed.

You visited 1 branch of the dungeon, and saw 2 of its levels.

You collected 79 gold pieces.

Inventory:

Jewellery
 e - a ring of positive energy (left paw)
Scrolls
 f - a scroll of amnesia {unknown}
 g - 2 scrolls of remove curse
 i - 2 scrolls of identify {unknown}
 j - a scroll of blinking {unknown}
 k - a scroll of magic mapping {unknown}
Potions
 b - a potion of degeneration {unknown}
 d - a potion of haste {unknown}
 h - a potion of might {unknown}
Comestibles
 a - 2 rations
 c - 9 chunks of flesh


   Skills:
 + Level 3.3 Fighting
 + Level 4.8 Dodging
 * Level 1.7 Stealth
 + Level 3.5 Unarmed Combat


You had 2 spell levels left.
You didn't know any spells.
Your spell library was empty.

Dungeon Overview and Level Annotations

Branches:
Dungeon (2/15)

Altars:


Innate Abilities, Weirdness & Mutations

You cannot wear armour.
You are incapable of wielding weapons or throwing items.
Your paws allow you to move quietly. (Stealth)
You have sharp claws.
You have razor-sharp teeth.
You have supernaturally acute eyesight. (SInv)
You are carnivorous and can eat meat at any time.
You cover ground quickly.
You are covered in fur. (AC +1)
You have a slow metabolism.
Your sharp claws are effective at attacking unaware monsters.


Message History

No target in view!
Some of the chunks of flesh in your inventory have rotted away.
You see here 2 stones.
A gnoll comes into view. It is wielding a +1 whip of draining.
A gnoll comes into view. It is wielding a +0 club.
The gnoll moves out of view.
A gnoll is nearby!
A gnoll is nearby!
A gnoll is nearby!
A gnoll comes into view. It is wielding a +0 spear.
The gnoll hits you with a +0 club!
You completely miss the gnoll.
The gnoll shouts!
The gnoll throws a throwing net.
The throwing net hits you.
You become entangled in the net!
The gnoll hits you with a +0 club.
* * * LOW HITPOINT WARNING * * *
You struggle against the net.
The gnoll closely misses you.
You struggle against the net.
The gnoll closely misses you. The gnoll hits you with a +0 club!
You die...

#.###...## #.#
># #.# #..##
#.# ..##
#.###.####
#.##....
##.#......####
#.#...#
.....####....##
#....## #...##
####..###...#
..### ##..##..#
# ###
##.#...#...#
### #..@g......
..####
####g.....#
#..)÷########
g##.#..
####)..[....#
.# # #.........
.# #........#
..
####.÷......#
..
...(.........
..
..##........#


You could see 3 gnolls.

Vanquished Creatures
  2 worms (D:2)
  A dart slug (D:1)
  2 leopard geckos
  A giant cockroach (D:1)
  4 goblins
  4 hobgoblins
  2 jackals (D:1)
  8 kobolds
  2 ball pythons (D:1)
  3 bats (D:1)
  4 frilled lizards
  5 rats (D:1)
38 creatures vanquished.

Notes
Turn   | Place    | Note
-------+----------+-------------------------------------------
     0 | D:1      | Inarius the Felid Berserker began the quest for the Orb.
     0 | D:1      | Reached XP level 1. HP: 10/10 MP: 2/2
   318 | D:1      | Reached XP level 2. HP: 6/14 MP: 3/3
   322 | D:1      | Reached skill level 1 in Stealth
  1356 | D:1      | Reached XP level 3. HP: 17/17 MP: 4/4
  1490 | D:2      | Reached ** piety under Trog
  1669 | D:2      | Slain by a gnoll

Vault maps used:
D:1:      dpeg_arrival_stone_temple_mockup

Skill      XL: |  1  2 |
---------------+-------+-----
Stealth        | 1 |  1.7
Fighting       | |  3.3
Dodging        | |  4.8
Unarmed Combat | |  3.5

Action                   || total
-------------------------++-------
Melee: Unarmed           ||    94
       Bite              ||     6
  Use: Scroll            ||     1
 Stab: Sleeping          ||     6
  Eat: Chunk             ||     9
Armor: Skin              ||     1
Dodge: Dodged            ||    73

Table legend:
 A = Non-vault XP
 B = Vault XP
 C = Vault XP percentage of total XP
 D = Non-vault monster count
 E = Vault monster count
 F = Vault count percentage of total count
                 A         B        C        D         E       F
            +---------+---------+-------+---------+---------+-------
      Total |      70 |       0 |   0.0 |      38 |       0 |   0.0
            +---------+---------+-------+---------+---------+-------
        D:1 |      42 |       0 |   0.0 |      26 |       0 |   0.0
        D:2 |      28 |       0 |   0.0 |      12 |       0 |   0.0
            +---------+---------+-------+---------+---------+-------
